 Dungeon Crawl Stone Soup version 0.31-a0-358-gac0dbeb3ab (webtiles) character file.

Game seed: 11774827657147315712

4 ElfOfPi the Charlatan (level 1, 0/19 HPs)
             Began as a Human Wanderer on July 25, 2023.
             Succumbed to a kobold's poison
             ... on level 1 of the Dungeon.
             The game lasted 00:01:17 (50 turns).

ElfOfPi the Charlatan (Human Wanderer)                Turns: 50, Time: 00:01:18

Health: 0/19       AC:  2    Str: 10    XL:     1   Next: 66%
Magic:  1/1        EV: 11    Int: 10    God:
Gold:   0          SH:  0    Dex: 16    Spells: 0/0 levels left

rFire   . . .        a - +1 falchion
rCold   . . .        (no shield)
rNeg    . . .        d - +0 robe
rPois   .            (no helmet)
rElec   .            (no cloak)
rCorr   .            (no gloves)
SInv    .            (no boots)
Will    .....        (no amulet)
Stlth   +            (no ring)
HPRegen 0.23/turn    (no ring)
MPRegen 0.07/turn

%: no passive effects
@: lethally poisoned (0 -> -8)
A: no striking features
a: no special abilities


You were on level 1 of the Dungeon.
You visited 1 branch of the dungeon, and saw 1 of its levels.

Inventory:

Hand Weapons
 a - a +1 falchion (weapon)
 e - a +0 sling
Armour
 d - a +0 robe (worn)
Potions
 c - a potion of haste
Miscellaneous
 b - a lightning rod (3/4) (quivered)


   Skills:
 + Level 4.1 Fighting
 + Level 1.0 Long Blades
 + Level 5.1 Evocations


You couldn't memorise any spells.
You didn't know any spells.
Your spell library was empty.

Dungeon Overview and Level Annotations

Branches:
Dungeon (1/15)

Altars:


Message History

A goblin comes into view. It is wielding a +0 club.
The goblin shouts!
There is an open door here.
You slash the quokka!
You kill the quokka!
You see here a quokka corpse.
You hit the goblin.
You kill the goblin!
You see here a +0 club.
There is an open door here.
You see here a +0 sling.
e - a +0 sling
e - a +0 sling (weapon)
Found a stone staircase leading down.
A kobold comes into view. It is wielding a +2 whip of venom.
The kobold shouts!
a - a +1 falchion (weapon)
You barely miss the kobold.
The kobold hits you with a +2 whip of venom.
You are poisoned.
You closely miss the kobold.
You feel very sick.
The kobold hits you with a +2 whip of venom.
You are lethally poisoned!
The kobold barely misses you.
Okay, then.
Unknown command.
Sorry, you're not good enough to have a special ability.
Aiming: Thunderbolt
Press: ? - help, Q - select action Shift-Dir - straight line, f - kobold
Aim: a kobold, wielding a +2 whip of venom and quivering stones The thunderbolt hits the kobold!
You kill the kobold!
You feel very sick.
You hear a shout!
* * * LOW HITPOINT WARNING * * *
You feel very sick.
* * * LOW HITPOINT WARNING * * *
You feel very sick.
You die...

#.........#
#.........#####
######.........#...#
#..............#....
#..............#.#.##
#..............#.#...
#####..............#.#.##
#........................
##.###...@...#########'###
#>.!...####### ##PP#)#PP
#.#.#)## ##P..#†#~~ # #.#
##P.P.#.#~~ ...
#P.P..#.#~~ ##.#
#P....#^#~~ #.#
#######.### .##
+......<... . #######.###


There were no monsters in sight!

Vanquished Creatures
  A goblin (D:1)
  A kobold (D:1)
  A quokka (D:1)
3 creatures vanquished.

Notes
Turn   | Place    | Note
-------+----------+-------------------------------------------
     0 | D:1      | ElfOfPi the Human Wanderer began the quest for the Orb.
     0 | D:1      | ElfOfPi set off with the following items: a +1 falchion, a
                  | lightning rod (4/4), a potion of haste, a +0 robe.
     0 | D:1      | Reached XP level 1. HP: 19/19 MP: 1/1
    50 | D:1      | Succumbed to a kobold's poison

Illustrated notes

Levels and vault maps discovered:
D:1:      psy_arrival_terrarium, layout_basic,
          amcnicky_mini_rare_corridor_liquid

Action                     || total
---------------------------++-------
  Melee: Falchion          ||     4
  Evoke: Lightning rod     ||     1
  Dodge: Dodged            ||     1

Table legend: (Time is in decaauts)
 A = Elapsed time spent in this place.
 B = Non-inter-level travel time spent in this place.
 C = Inter-level travel time spent in this place.
 D = Time resting spent in this place.
 E = Time spent auto-exploring this place.
 F = Levels seen in this place.
 G = Mean time per level.
                   A        B        C        D        E       F      G
               +--------+--------+--------+--------+--------+-----+--------+
         Total |     50 |     50 |      0 |      0 |     18 |   1 |   50.0 |
       Dungeon |     50 |     50 |      0 |      0 |     18 |   1 |   50.0 |
               +--------+--------+--------+--------+--------+-----+--------+

Top non-repeatable levels by time:
     D:1: 50 daAuts
